 Dungeon Crawl Stone Soup version 0.29-a0-993-g4a18f31a58 (webtiles) character file.

Game seed: 14518331503167394638

413 Sobieck the Sneak (level 6, 0/32 HPs)
             Began as a Vine Stalker Brigand on Aug 2, 2022.
             Was a Believer of Uskayaw.
             Slain by an ice beast (8 damage)
             ... on level 5 of the Dungeon.
             The game lasted 00:07:00 (3180 turns).

Sobieck the Sneak (Vine Stalker Brigand)            Turns: 3180, Time: 00:07:01

Health: 0/32       AC:  7    Str: 14    XL:     6   Next: 90%
Magic:  0/7        EV: 13    Int: 11    God:    Uskayaw [**....]
Gold:   161        SH:  5    Dex: 17    Spells: 5/5 levels left

rFire   . . .      SeeInvis .   a - +0 rapier (flame) {short}
rCold   . . .      Faith    .   (no shield)
rNeg    . . .      Spirit   +   H - +0 robe
rPois   .          Reflect  +   (no helmet)
rElec   .          Harm     .   c - +1 cloak
rCorr   .          Rampage  .   (no gloves)
Will    .....                   r - +2 pair of boots
Stlth   +++.......              o - amulet of reflection
HPRegen 0.90/turn               (no ring)
MPRegen 0.10/turn               (no ring)

@: no status effects
A: fangs 2, regeneration 1, magic shield, antimagic bite, no potion heal 2
a: Renounce Religion, Stomp, Line Pass


You were on level 5 of the Dungeon.
You worshipped Uskayaw.
Uskayaw was noncommittal.
You visited 2 branches of the dungeon, and saw 6 of its levels.

You collected 213 gold pieces.
You spent 52 gold pieces at shops.


Innate Abilities, Weirdness & Mutations

You have extremely sharp teeth.
Your natural rate of healing is unusually fast.
When hurt, damage is shared between your health and your magic reserves.
Your bite disrupts and absorbs the magic of your enemies.
Potions cannot restore your health.


   Skills:
 + Level 3.2 Fighting
 * Level 4.2 Short Blades
 - Level 2.0 Throwing
 + Level 2.4 Dodging
 + Level 6.3 Stealth


You had 5 spell levels left.
You didn't know any spells.
Your spell library contained the following spells:

 Spells                   Type           Power      Damage    Failure   Level
 Magic Dart               Conj           0%         1d3       34%         1
 Call Imp                 Summ           0%         N/A       47%         2
 Searing Ray              Conj           0%         2d4       47%         2
 Mephitic Cloud           Conj/Pois/Air  0%         N/A       71%         3
 Fulminant Prism          Conj/Hex       0%         3d6       98%         4
 Leda's Liquefaction      Hex/Erth       0%         N/A       98%         4
 Lee's Rapid Deconstruct  Erth           0%         3d5*      100%        5
 Statue Form              Tmut/Erth      0%         N/A       100%        6

Inventory:

Hand Weapons
 a - a +0 rapier of flaming (weapon) {short}
   (You bought it in a shop on level 1 of the Dungeon)
 b - a +0 sling
   (You found it on level 2 of the Dungeon)
 s - a +2 dagger {short}
Missiles
 d - 9 poisoned darts (quivered) {throwing}
 e - 3 curare-tipped darts {=fthrowing}
 j - 3 boomerangs {throwing}
 k - 27 stones {throwing}
 C - a throwing net {=f!fthrowing}
Armour
 c - a +1 cloak (worn)
 h - a +0 plate armour
   (You found it on level 1 of the Dungeon)
 l - a +0 robe
   (You took it off an orc wizard on level 4 of the Dungeon)
 m - a +0 robe
   (You took it off an orc wizard on level 4 of the Dungeon)
 n - a +0 robe
   (You found it on level 1 of the Dungeon)
 r - a +2 pair of boots (worn)
   (You found it on level 1 of the Dungeon)
 u - a +0 ring mail
   (You found it on level 1 of the Dungeon)
 v - a +0 ring mail
   (You found it on level 2 of the Dungeon)
 w - a +0 ring mail
   (You found it on level 2 of the Dungeon)
 E - a +0 leather armour
   (You found it on level 2 of the Dungeon)
 F - a +0 leather armour
   (You took it off an orc on level 4 of the Dungeon)
 G - a +0 robe
   (You found it on level 2 of the Dungeon)
 H - a +0 robe (worn)
 I - a +0 chain mail
   (You found it on level 2 of the Dungeon)
 J - a +0 chain mail
   (You took it off an orc on level 4 of the Dungeon)
 M - a +0 ring mail
   (You found it on level 3 of the Dungeon)
 N - a +0 robe
   (You found it on level 3 of the Dungeon)
 O - a +0 leather armour
   (You found it on level 3 of the Dungeon)
 P - a +0 plate armour
   (You found it on level 3 of the Dungeon)
 Q - a +0 leather armour
   (You took it off an orc on level 3 of the Dungeon)
Magical Staves
 t - a staff of conjuration {!a@e2staff}
   (You found it on level 1 of the Dungeon)
Jewellery
 o - an amulet of reflection (around neck)
   (You found it on level 1 of the Dungeon)
 y - a ring of ice
   (You found it on level 2 of the Dungeon)
 D - an amulet of guardian spirit
   (You found it on level 2 of the Dungeon)
Scrolls
 g - a scroll of teleportation {unknown}
 i - a scroll of magic mapping {unknown}
Potions
 f - 2 potions of curing {@q1}
 p - 2 potions of heal wounds {unknown}
 q - 3 potions of flight
 x - a potion of cancellation {unknown}
 z - a potion of berserk rage {unknown}
 A - a potion of brilliance {unknown}
 B - 2 potions of ambrosia {unknown}

Dungeon Overview and Level Annotations

Branches:
Dungeon (5/15) Zot: 26839  Temple (1/1) D:4 Zot: 5979

Altars:
Elyvilon
Fedhas
Hepliaklqana
Kikubaaqudgha
Okawaru
Sif Muna
Uskayaw
Vehumet
Zin

Shops:
D:1 (

Annotations:
D:2 1 runed translucent door, Crazy Yiuf

..# #.# #.#
##.##
#...####..#
#<......#
#...####.
###.####
#..@.#
#.##Y# #.#
.# #.# ..
... .## #.#
.# #.# .#
#.. ..


You could see an ice beast.


Message History

The necrophage hits you.
You feel drained.
You hit the necrophage. You burn the necrophage. You punch the necrophage.
The necrophage hits you but does no damage.
You hit the necrophage. You burn the necrophage.
You destroy the necrophage!
Your life force feels restored.
Your Fighting skill increases to level 3!
k - 27 stones {throwing} (gained 4);
x - a black potion You now have 161 gold pieces (gained 36).
Things that are here:
a +1 short sword of protection {short}; a +0 dagger {short}; a goblin corpse
F - a +0 leather armour;
J - a +0 chain mail
There is an open door, spattered with blood here.
Things that are here:
a +0 mace {mace}; a +2 short sword of freezing {short}; an orc corpse A black bear comes into view.
The black bear moves out of view.
Uskayaw will no longer force your foes to share their pain.
There is an open door here.
Danger!
Uskayaw will no longer force your foes to helplessly watch your dance.
The black bear bites you.
The black bear claws you but does no damage.
The black bear completely misses you.
You can no longer pass through a line of other dancers.
You hit the black bear but do no damage.
Your bite misses the black bear. You block the black bear's attack.
The black bear claws you. The black bear barely misses you.
You hit the black bear. You burn the black bear. You bite the black bear.
You drain its power.
You feel invigorated. The black bear barely misses you.
You block the black bear's attack. The black bear barely misses you.
You hit the black bear. You burn the black bear. You bite the black bear.
You drain its power. The black bear barely misses you. x2
You block the black bear's attack.
You can now pass through a line of other dancers.
You hit the black bear. You burn the black bear.
You punch the black bear, but do no damage.
You bite the black bear. You drain its power.
The black bear goes berserk!
Uskayaw will force your foes to helplessly watch your dance.
Uskayaw prepares the audience for your solo!
The helpless black bear fails to defend itself.
You impale the black bear!! You burn the black bear.
You kill the black bear!
Your Short Blades skill increases to level 4!
Unknown command.
K - a scroll of identify {@r1} Unknown command.
As you read the scroll of identify {@r1}, it crumbles to dust.
q - 3 potions of flight
There is an open door here.
There is an open door here.
There is an open door here.
There is an open door here.
Danger!
A giant cockroach comes into view.
You puncture the goblin! You burn the goblin.
You kill the goblin!
The giant cockroach bites you but does no damage.
There is an open door here.
You closely miss the giant cockroach. The giant cockroach misses you.
You hit the giant cockroach. You burn the giant cockroach.
You kill the giant cockroach!
No target in view!
You see here a giant cockroach corpse.
There is an open door here.
Done exploring.
Done exploring.
There is a stone staircase leading down here.
You climb downwards.
Found a stone staircase leading up.
There is a stone staircase leading up here.
Unknown command.
Unknown command.
An ice beast comes into view.
Danger!
You hit the ice beast but do no damage.
You bite the ice beast, but do no damage.
The ice beast misses you.
You hit the ice beast.
You melt the ice beast.
Your bite misses the ice beast. You block the ice beast's attack.
Unknown command.
You barely miss the ice beast. You puncture the ice beast!
You melt the ice beast.
You bite the ice beast. You drain its power. The ice beast barely misses you.
You can now pass through a line of other dancers.
You hit the ice beast but do no damage. You bite the ice beast.
You drain its power. The ice beast hits you. The ice beast freezes you!
You hit the ice beast.
You melt the ice beast.
The ice beast hits you but does no damage.
Unknown command.
You hit the ice beast.
You melt the ice beast.
The ice beast hits you. The ice beast freezes you!
* * * LOW HITPOINT WARNING * * *
Unknown command.
You closely miss the ice beast. The ice beast hits you.
* * * LOW HITPOINT WARNING * * *
The ice beast freezes you!
You die...

Skill      XL: |  1  2  3  4  5  6 |
---------------+-------------------+-----
Short Blades   | 2 3 4 |  4.2
Stealth        | 5 6 |  6.3
Fighting       | 2 3 |  3.2
Dodging        | 1 2 |  2.4
Throwing       | 2 |  2.0

Action                   |  1- 3 |  4- 6 || total
-------------------------+-------+-------++-------
Melee: Dagger            |    54 |    11 ||    65
       Bite              |    14 |    29 ||    43
       Punch             |     1 |     2 ||     3
       Rapier            |       |    93 ||    93
 Fire: Sling             |    51 |    11 ||    62
  Use: Scroll            |       |    12 ||    12
 Stab: Sleeping          |     4 |     1 ||     5
       Distracted        |       |     2 ||     2
       Paralysed         |       |     2 ||     2
Armor: Robe              |    11 |    35 ||    46
Dodge: Dodged            |    24 |    64 ||    88
Block: Other             |    13 |    23 ||    36
       Reflection        |       |     1 ||     1

Levels and vault maps discovered:
D:1:      dpeg_arrival_houses_and_road, layout_basic, serial_shops,
          nicolae_shop_bloodbath_and_beyond
D:2:      layout_loops_ring, shapermc_ecumenical_altar_gd, minmay_between,
          uniq_crazy_yiuf_cottage
D:3:      layout_basic
D:4:      minmay_bubble_buster, layout_cave_pools, minmay_temple_entry_waves
D:5:      layout_loops_ring, uniq_menkaure
Temple:   hellmonk_temple_of_storms

Notes
Turn   | Place    | Note
-------+----------+-------------------------------------------
     0 | D:1      | Sobieck the Vine Stalker Brigand began the quest for the
                  | Orb.
     0 | D:1      | Reached XP level 1. HP: 11/11 MP: 2/2
   203 | D:1      | You pick up a book of the Earth and begin reading...
   203 | D:1      | You add the spells Leda's Liquefaction, Lee's Rapid
                  | Deconstruction and Statue Form to your library.
   217 | D:1      | Reached skill level 2 in Short Blades
   223 | D:1      | Reached XP level 2. HP: 15/15 MP: 3/3
   252 | D:1      | Reached skill level 5 in Stealth
   330 | D:1      | Found Qareon's Weapon Shop.
   464 | D:1      | Bought a +0 rapier for 52 gold pieces
   764 | D:2      | Found a faded altar of an unknown god.
   801 | D:2      | Reached skill level 2 in Fighting
   801 | D:2      | Reached skill level 1 in Dodging
  1164 | D:2      | Found a runed translucent door.
  1165 | D:2      | Noticed Crazy Yiuf
  1233 | D:2      | You pick up a book of Conjurations {@e2} and begin
                  | reading...
  1233 | D:2      | You add the spells Magic Dart, Searing Ray and Fulminant
                  | Prism to your library.
  1267 | D:2      | Reached skill level 2 in Throwing
  1277 | D:2      | Reached XP level 3. HP: 13/18 MP: 4/4
  2434 | D:4      | Gained mutation: Your natural rate of healing is unusually
                  | fast. [Vine Stalker growth]
  2434 | D:4      | Reached XP level 4. HP: 23/23 MP: 5/5
  2558 | D:4      | Found a staircase to the Ecumenical Temple.
  2567 | Temple   | Entered the Ecumenical Temple
  2577 | Temple   | Became a worshipper of Uskayaw the Reveller
  2614 | D:4      | Reached * piety under Uskayaw
  2640 | D:4      | You pick up a book of Minor Magic and begin reading...
  2640 | D:4      | You add the spells Call Imp and Mephitic Cloud to your
                  | library.
  2681 | D:4      | Reached ** piety under Uskayaw
  2711 | D:4      | Reached skill level 3 in Short Blades
  2751 | D:4      | Reached XP level 5. HP: 22/27 MP: 4/6
  2755 | D:4      | Reached *** piety under Uskayaw
  2844 | D:4      | Reached skill level 2 in Dodging
  3009 | D:4      | Reached XP level 6. HP: 32/32 MP: 7/7
  3023 | D:4      | Reached skill level 6 in Stealth
  3023 | D:4      | Reached **** piety under Uskayaw
  3044 | D:4      | Reached skill level 3 in Fighting
  3050 | D:4      | Noticed a black bear
  3060 | D:4      | Killed a black bear
  3061 | D:4      | Reached skill level 4 in Short Blades
  3166 | D:5      | Entered Level 5 of the Dungeon
  3172 | D:5      | Noticed an ice beast
  3180 | D:5      | HP: 8/32 [ice beast (4)]
  3180 | D:5      | Slain by an ice beast

Vanquished Creatures
  A black bear (D:4)
  A necrophage (D:4)
  A hound (D:4)
  2 iguanas (D:4)
  2 orc wizards (D:4)
  5 adders
  3 worms
  3 dart slugs
  8 orcs
  6 ball pythons
  3 bats
  7 endoplasms
  4 giant cockroaches
  3 goblins (D:4)
  6 hobgoblins
  5 kobolds
  A quokka (D:3)
  2 frilled lizards (D:2)
  8 rats
71 creatures vanquished.

Table legend:
 A = Non-vault XP
 B = Vault XP
 C = Vault XP percentage of total XP
 D = Non-vault monster count
 E = Vault monster count
 F = Vault count percentage of total count
                 A         B        C        D         E       F
            +---------+---------+-------+---------+---------+-------
      Total |     271 |     319 |  54.1 |      53 |      18 |  25.4
            +---------+---------+-------+---------+---------+-------
        D:1 |      16 |       0 |   0.0 |       8 |       0 |   0.0
        D:2 |       7 |      20 |  74.1 |       5 |       5 |  50.0
        D:3 |      51 |       0 |   0.0 |      21 |       0 |   0.0
        D:4 |     197 |     299 |  60.3 |      19 |      13 |  40.6
            +---------+---------+-------+---------+---------+-------

Illustrated notes

Table legend:
 A = Kills in this place as a percentage of kills in entire the game.
 B = Kills by you in this place as a percentage of kills by you in the entire game.
 C = Kills by friends in this place as a percentage of kills by friends in the entire game.
 D = Other kills in this place as a percentage of other kills in the entire game.
 E = Experience gained in this place as a percentage of experience gained in the entire game.
 F = Experience gained in this place divided by the number of levels of this place that you have seen.
                   A       B       C       D       E      F
               +-------+-------+-------+-------+-------+----------------------
         Total | 100.0 | 100.0 |   N/A |   N/A | 100.0 |  98.3
       Dungeon | 100.0 | 100.0 |   N/A |   N/A | 100.0 | 118.0
               +-------+-------+-------+-------+-------+----------------------

Table legend: (Time is in decaauts)
 A = Elapsed time spent in this place.
 B = Non-inter-level travel time spent in this place.
 C = Inter-level travel time spent in this place.
 D = Time resting spent in this place.
 E = Time spent auto-exploring this place.
 F = Levels seen in this place.
 G = Mean time per level.
                   A        B        C        D        E       F      G
               +--------+--------+--------+--------+--------+-----+--------+
         Total |   3180 |   3006 |    174 |     19 |   2436 |   6 |  530.0 |
       Dungeon |   3159 |   2994 |    165 |     19 |   2436 |   5 |  631.8 |
        Temple |     20 |     11 |      9 |      0 |      0 |   1 |   20.0 |
               +--------+--------+--------+--------+--------+-----+--------+

Top non-repeatable levels by time:
     D:3: 919 daAuts
     D:2: 853 daAuts
     D:1: 715 daAuts
     D:4: 656 daAuts
  Temple: 20 daAuts
     D:5: 13 daAuts
